AoeStats
← Chris

Arabia

509813235Analyzed
1v1 RM · 5d ago on Sep 28, 2026· 19m 23s· 2 players
Game mode
Random Map
Map size
Tiny (2 player)
Population
200
Speed
Normal
Resources
Standard
Victory
Conquest
Starting age
Dark Age
Ending age
Imperial Age
RankedLock teamsTeams togetherTeam positionsShared explorationLock speedFull tech treeHidden civsTurbo modeCheats
Victory
Defeat
🇨🇳 Ethiopians · China
1040
+16
🇺🇸 Armenians · United States
1034
-16
Chris
10:44 Feudal Age
9:01 Loom
10:50 Man-at-Arms
12:39 Long Swordsman
16:14 Double-Bit Axe
951341856
6:30 Loom
8:49 Feudal Age
9:54 Double-Bit Axe
11:41 Horse Collar
13:27 Loom
13:30 Town Watch
16:52 Fletching
19:32 Padded Archer Armor
Connection lost

Rejoining the realm…

Still unreachable

The connection could not be restored.

Session expired

The server has moved on; the page needs a fresh start.